AoeStats
← Michi3052

Arabia

509758075Analyzed
1v1 RM · 4d ago on Sep 27, 2026· 17m 6s· 2 players
Game mode
Random Map
Map size
Tiny (2 player)
Population
200
Speed
Normal
Resources
Standard
Victory
Conquest
Starting age
Dark Age
Ending age
Imperial Age
RankedLock teamsTeams togetherTeam positionsShared explorationLock speedFull tech treeHidden civsTurbo modeCheats
Victory
Defeat
🇨🇳 Huns · China
787
+14
🇪🇸 Vietnamese · Spain
733
-14
Michi3052
4:20 Loom
12:42 Feudal Age
13:40 Double-Bit Axe
13:42 Horse Collar
14:40 Man-at-Arms
15:24 Gold Mining
TERMIT
7:32 Loom
10:24 Feudal Age
10:56 Double-Bit Axe
11:05 Horse Collar
Connection lost

Rejoining the realm…

Still unreachable

The connection could not be restored.

Session expired

The server has moved on; the page needs a fresh start.